 Dungeon Crawl Stone Soup version 0.27-a0-789-g6bb3289e1e (webtiles) character file.

Game seed: 17997795478787187458

94 robertstho the Magician (level 4, -6/32 HPs)
             Began as a Djinni Fire Elementalist on Mar 26, 2021.
             Killed by nerve-wracking pain
             ... invoked by Grinder
              (8 damage)
             ... while paralysed by Grinder
             ... on level 3 of the Dungeon.
             The game lasted 00:04:22 (3245 turns).

robertstho the Magician (Djinni Fire Elementalist)  Turns: 3245, Time: 00:04:23

Health: -6/32      AC:  2    Str:  9    XL:     4   Next: 63%
Gold:   105        EV:  2    Int: 15    God:
                   SH:  0    Dex: 14

rFire    + + .     SeeInvis .   b - +0 dagger
rCold    x . .     Faith    .   (no shield)
rNeg     . . .     Spirit   .   a - +0 robe
rPois    ∞         Reflect  .   (no helmet)
rElec    .         Harm     .   (no cloak)
rCorr    .         Rampage  .   (no gloves)
Will     .....                  (boots unavailable)
Stlth    +++.......             (no amulet)
HPRegen  0.10/turn              (no ring)
MPRegen  0.00/turn              (no ring)

@: paralysed, mighty, flying, hasted
A: fire resistance 2, cold vulnerability 1, float, innate caster, hp casting,
extra vitality 1, camouflage 1, dopey 1, strong 1
a: no special abilities


You were on level 3 of the Dungeon.
You visited 1 branch of the dungeon, and saw 3 of its levels.

You collected 105 gold pieces.

Inventory:

Hand Weapons
 b - a +0 dagger (weapon)
Armour
 a - a +0 robe (worn)
Jewellery
 i - an amulet of guardian spirit
Scrolls
 c - a scroll of magic mapping
 g - a scroll of enchant armour {unknown}
 h - a scroll of fog {unknown}
Potions
 j - a potion of brilliance {unknown}


   Skills:
 * Level 1.0 Fighting
 + Level 2.6 Dodging
 - Level 1.5 Stealth
 * Level 4.1 Spellcasting


You couldn't memorise any spells.
You knew the following spells:

 Your Spells              Type           Power      Damage    Failure   Level
a - Foxfire               Conj/Fire      60%        2x1d7     3%          1
b - Conjure Flame         Conj/Fire      15%        6-21      10%         3
c - Inner Flame           Hex/Fire       15%        N/A       10%         3
d - Sticky Flame          Conj/Fire      15%        2d4       32%         4
e - Fireball              Conj/Fire      7%         3d5       65%         5
f - Animate Skeleton      Necr           30%        N/A       3%          1
Your spell library was empty.

Dungeon Overview and Level Annotations

Branches:
Dungeon (3/15)

Altars:
Elyvilon

Shops:
D:2 (

Annotations:
D:3 Grinder


Innate Abilities, Weirdness & Mutations

You are immune to poison.
Your flesh is very heat resistant. (rF++)
You are vulnerable to cold. (rC-)
You float through the air rather than walking.
You learn spells naturally, not from books.
Your magical power is your life essence.
You have superior vitality. (+4 HP)
Your skin changes colour to match your surroundings (Stealth+).
You are dopey. (Int -2)
Your muscles are strong. (Str +2)


Message History

You conjure some foxfire!
Grinder shouts!
The foxfire hits Grinder.
Grinder is lightly wounded.
The foxfire hits Grinder.
Grinder is lightly wounded.
Casting: Foxfire (safe; 2% risk of failure)
Confirm with . or Enter, or press ? or * to list all spells.
You conjure some foxfire!
The foxfire hits Grinder.
Grinder is moderately wounded.
Grinder gestures at you. Pain shoots through your body!
Casting: Foxfire (safe; 2% risk of failure)
Confirm with . or Enter, or press ? or * to list all spells.
You conjure some foxfire!
The foxfire hits Grinder!
Grinder is heavily wounded.
Grinder gestures at you. Pain shoots through your body!
* * * LOW HITPOINT WARNING * * *
It was a potion of might.
You feel very mighty all of a sudden.
The foxfire hits Grinder.
Grinder is heavily wounded.
The foxfire hits Grinder.
Grinder is severely wounded.
It was a potion of mutation.
You feel extremely strange.
You feel stupid.
Your skin functions as natural camouflage.
You feel stronger.
It was a potion of haste.
You feel yourself speed up. Grinder gestures at you.
You suddenly lose the ability to move!
A worm comes into view.
Grinder gestures at you. Pain shoots through your body!
* * * LOW HITPOINT WARNING * * *
Grinder gestures at you. Pain shoots through your body!
You die...

#.........# #.........#
.... #.........# ......#
#.........# .......
#..>......#
........##.........#
.............÷....########
.......###...<...##.......
........5@..÷.##>.........
..........>...####........
........÷.....##..........
..:..............##.......
###...........#####.......
..............# ########
####..........#
############


You could see Grinder.

Vanquished Creatures
  2 adders (D:2)
  3 worms (D:2)
  6 ball pythons
  6 endoplasms
  6 giant cockroaches
  3 goblins
  7 hobgoblins
  6 jackals
  4 quokkas
  6 bats
  5 kobolds
  7 rats
61 creatures vanquished.

Vanquished Creatures (collateral kills)
  A foxfire (D:2)
1 creature vanquished.

Vanquished Creatures (others)
  A rat (D:2)
  163 foxfires
164 creatures vanquished.

Grand Total: 226 creatures vanquished

Notes
Turn   | Place    | Note
-------+----------+-------------------------------------------
     0 | D:1      | robertstho the Djinni Fire Elementalist began the quest for
                  | the Orb.
     0 | D:1      | Reached XP level 1. HP: 15/15 MP: 0/0
   213 | D:1      | Reached skill level 3 in Spellcasting
   256 | D:1      | Reached XP level 2. HP: 19/21 MP: 0/0
   574 | D:1      | Reached XP level 3. HP: 11/26 MP: 0/0
   574 | D:1      | Learned a level 1 spell: Animate Skeleton
  1373 | D:2      | Found Aneixt's Antique Weapon Emporium.
  1949 | D:2      | Found a white marble altar of Elyvilon.
  2079 | D:2      | Reached XP level 4. HP: 30/31 MP: 0/0
  2250 | D:2      | Reached skill level 4 in Spellcasting
  2676 | D:2      | Reached skill level 1 in Fighting
  3230 | D:3      | Noticed Grinder
  3237 | D:3      | Gained mutation: You are dopey. (Int -2) [potion of
                  | mutation]
  3237 | D:3      | Gained mutation: Your skin changes colour to match your
                  | surroundings (Stealth+). [potion of mutation]
  3237 | D:3      | Gained mutation: Your muscles are strong. (Str +2) [potion
                  | of mutation]
  3240 | D:3      | Paralysed by Grinder for 5 turns
  3245 | D:3      | Killed from afar by Grinder

Illustrated notes

Levels and vault maps discovered:
D:1:      dpeg_arrival_tiny_j, layout_rooms, minmay_split_cup_large
D:2:      layout_basic, elyvilon_altar_4, serial_shops, nicolae_shop_trees,
          grunt_ministairs_7
D:3:      layout_rooms, xom_teletrap_fun, grunt_temple_overflow_open,
          uniq_grinder, uniq_jessica

Skill      XL: |  1  2  3  4 |
---------------+-------------+-----
Spellcasting   | 3 4 |  4.1
Fighting       | 1 |  1.0
Dodging        | |  2.6
Stealth        | |  1.5

Action                   |  1- 3 |  4- 6 || total
-------------------------+-------+-------++-------
Melee: Dagger            |       |     5 ||     5
 Cast: Foxfire           |    68 |    28 ||    96
  Use: Potion            |       |     3 ||     3
       Scroll            |       |     2 ||     2
Armor: Robe              |     3 |    10 ||    13
Dodge: Dodged            |    30 |    41 ||    71

Table legend: (Time is in decaauts)
 A = Elapsed time spent in this place.
 B = Non-inter-level travel time spent in this place.
 C = Inter-level travel time spent in this place.
 D = Time resting spent in this place.
 E = Time spent auto-exploring this place.
 F = Levels seen in this place.
 G = Mean time per level.
                   A        B        C        D        E       F      G
               +--------+--------+--------+--------+--------+-----+--------+
         Total |   3245 |   3175 |     70 |    455 |   2350 |   3 | 1081.7 |
       Dungeon |   3245 |   3175 |     70 |    455 |   2350 |   3 | 1081.7 |
               +--------+--------+--------+--------+--------+-----+--------+

Top non-repeatable levels by time:
     D:2: 1834 daAuts
     D:1: 1365 daAuts
     D:3: 45 daAuts
